AoeStats
← SERROVIL

Arena

504842769Analyzed
4v4 RM · 26d ago on Sep 6, 2026· 53m 15s· 8 players
Game mode
Random Map
Map size
Large (8 player)
Population
200
Speed
Normal
Resources
Standard
Victory
Conquest
Starting age
Dark Age
Ending age
Imperial Age
RankedLock teamsTeams togetherTeam positionsShared explorationLock speedFull tech treeHidden civsTurbo modeCheats
Victory
Defeat
🇩🇪 Persians · Germany
787
+14
🇻🇪 Cumans · Venezuela
729
+16
🇩🇪 Franks · Germany
709
+17
🇫🇮 Italians · Finland
663
+19
🇹🇷 Koreans · Türkiye
799
-19
🇲🇰 Khmer · North Macedonia
797
-20
🇺🇸 Portuguese · United States
681
-14
🇺🇾 Maya · Uruguay
638
-13
Spironolacton
9:45 Loom
12:02 Feudal Age
16:31 Castle Age
14:35 Double-Bit Axe
28:33 Bow Saw
31:03 Forging
31:30 Scale Barding Armor
34:21 Iron Casting
34:14 Chain Barding Armor
36:52 Wheelbarrow
39:51 Imperial Age
38:28 Hand Cart
38:33 Husbandry
39:12 Gold Mining
39:12 Stone Mining
41:42 Chemistry
40:48 Siege Engineers
40:54 Masonry
40:11 Cavalier
40:56 Town Watch
42:46 Blast Furnace
42:22 Plate Barding Armor
41:47 Padded Archer Armor
41:38 Fletching
44:37 Arrowslits
45:22 Architecture
45:07 Paladin
46:26 Leather Archer Armor
46:07 Bodkin Arrow
50:31 Fortified Wall
50:17 Murder Holes
50:14 Guard Tower
farid_bang-92
12:15 Feudal Age
12:39 Double-Bit Axe
12:39 Horse Collar
17:32 Castle Age
17:05 Loom
17:06 Town Watch
17:57 Wheelbarrow
18:22 Scale Barding Armor
18:53 Forging
19:18 Bow Saw
25:45 Hand Cart
26:24 Husbandry
26:35 Bloodlines
27:40 Chain Barding Armor
28:27 Padded Archer Armor
28:32 Kamandaran
27:55 Crossbowman
29:16 Thumb Ring
30:31 Leather Archer Armor
30:52 Iron Casting
38:20 Imperial Age
35:43 Fletching
37:12 Light Cavalry
39:52 Plate Barding Armor
40:18 Blast Furnace
40:01 Elite War Elephant
41:39 Bodkin Arrow
42:17 Ring Archer Armor
43:01 Hoardings
44:53 Chemistry
44:14 Ballistics
44:33 Caravan
46:11 Hussar
48:49 Citadels
49:15 Murder Holes
49:31 Masonry
49:24 Scale Mail Armor
49:16 Gold Mining
52:32 Cavalier
jyri.hyppanen
8:13 Loom
12:11 Feudal Age
16:34 Wheelbarrow
24:32 Double-Bit Axe
28:54 Castle Age
27:53 Stone Mining
27:56 Gold Mining
27:51 Horse Collar
30:11 Hand Cart
30:30 Heavy Plow
30:46 Bow Saw
35:34 Imperial Age
34:40 Fletching
34:53 Padded Archer Armor
35:34 Bodkin Arrow
36:27 Leather Archer Armor
37:34 Stone Shaft Mining
36:53 Elite Genoese Crossbowman
38:51 Conscription
40:18 Bracer
42:20 Ring Archer Armor
42:42 Ballistics
43:27 Chemistry
42:35 Murder Holes
44:58 Thumb Ring
Lheudrin
0:46 Loom
13:39 Feudal Age
14:33 Double-Bit Axe
16:08 Fletching
16:19 Padded Archer Armor
25:12 Scale Mail Armor
29:25 Wheelbarrow
28:40 Town Watch
30:43 Horse Collar
34:21 Castle Age
34:41 Bloodlines
35:31 Hand Cart
34:49 Light Cavalry
35:47 Scale Barding Armor
35:53 Forging
35:24 Elite Skirmisher
35:24 Crossbowman
37:43 Gold Mining
37:16 Capped Ram
38:54 Bow Saw
38:50 Heavy Plow
40:24 Town Patrol
42:49 Caravan
46:09 Imperial Age
45:54 Chain Barding Armor
46:10 Iron Casting
45:31 Bodkin Arrow
45:51 Leather Archer Armor
47:13 Onager
47:40 Siege Ram
48:25 Steppe Husbandry
49:01 Crop Rotation
50:01 Two-Man Saw
51:20 Siege Onager
IBekson
0:30 Loom
3:28 Loom
11:49 Feudal Age
12:33 Double-Bit Axe
12:33 Horse Collar
12:46 Gold Mining
18:32 Stone Mining
21:22 Wheelbarrow
23:12 Castle Age
23:57 Fletching
24:07 Padded Archer Armor
24:19 Forging
24:10 Scale Mail Armor
25:13 Caravan
26:04 Bow Saw
26:27 Heavy Plow
30:13 Hand Cart
31:25 Stone Shaft Mining
31:34 Man-at-Arms
32:51 Fortified Wall
32:23 Treadmill Crane
33:07 Ballistics
33:21 Gambesons
33:22 Arson
32:58 Long Swordsman
33:00 Pikeman
34:19 Iron Casting
34:00 Chain Mail Armor
36:49 Imperial Age
37:02 Bodkin Arrow
37:24 Leather Archer Armor
39:56 Chemistry
39:31 Conscription
38:49 Elite Organ Gun
40:43 Two-Man Saw
40:56 Two-Handed Swordsman
41:55 Crossbowman
42:42 Thumb Ring
44:16 Halberdier
45:13 Elite Skirmisher
47:19 Plate Mail Armor
47:50 Blast Furnace
TANRIM-AFFET
9:33 Loom
12:00 Feudal Age
17:02 Castle Age
15:50 Double-Bit Axe
20:03 Bow Saw
20:08 Fletching
25:04 Wheelbarrow
31:14 Hand Cart
33:00 Bodkin Arrow
40:42 Imperial Age
40:20 Scale Barding Armor
45:01 Elite War Wagon
47:50 Chemistry
47:12 Ballistics
46:58 Bracer
Alpha
7:42 Loom
10:30 Feudal Age
11:13 Double-Bit Axe
12:21 Horse Collar
18:13 Man-at-Arms
22:44 Arson
25:31 Castle Age
25:34 Pikeman
34:41 Heavy Plow
34:57 Forging
36:08 Elite Skirmisher
41:14 Imperial Age
40:44 Bow Saw
41:35 Scale Barding Armor
42:06 Iron Casting
43:39 Wheelbarrow
42:52 Town Watch
43:09 Scale Mail Armor
45:02 Halberdier
47:40 Blast Furnace
46:57 Chain Mail Armor
SERROVIL
3:51 Loom
11:03 Feudal Age
11:03 Loom
11:29 Double-Bit Axe
16:21 Horse Collar
19:40 Castle Age
19:06 Gold Mining
20:40 Bow Saw
21:42 Pikeman
22:23 Squires
21:48 Pikeman
23:23 Forging
23:13 Scale Mail Armor
23:11 Crossbowman
23:58 Thumb Ring
25:41 Wheelbarrow
24:51 Town Watch
25:45 Fletching
25:55 Padded Archer Armor
25:59 Heavy Plow
28:26 Town Patrol
30:50 Eagle Warrior
35:25 Hand Cart
41:26 Imperial Age
40:52 Iron Casting
40:33 Chain Mail Armor
40:13 Bodkin Arrow
40:33 Leather Archer Armor
40:12 Stone Mining
40:27 Treadmill Crane
41:07 Ballistics
40:43 Murder Holes
43:45 Halberdier
45:24 Elite Eagle Warrior
Connection lost

Rejoining the realm…

Still unreachable

The connection could not be restored.

Session expired

The server has moved on; the page needs a fresh start.